[Event "Titled Tuesday Blitz June 21 Late 2022"]
[White "Carbone, Diego"]
[Black "Rosenberg, Evan S"]
[WhiteFideId "3002179"]
[BlackFideId "2019299"]
[WhiteElo "2199"]
[BlackElo "2341"]
[Result "1-0"]
[Round "05"]
[TimeControl "180+1"]
[Date "2022.06.22"]
[WhiteClock "0:00:06"]
[BlackClock "0:00:06"]

1. d4 Nf6 2. c4 e6 3. Nc3 Bb4 4. Qc2 d5 5. a3 Bxc3+ 6. Qxc3 O-O 7. Bg5 h6 8. Bh4 c5 9. dxc5 g5 10. Bg3 Ne4 11. Qc2 Nc6 12. Nf3 Qa5+ 13. Nd2 Nd4 14. Qd3 Qxd2+ 15. Qxd2 Nxd2 16. Kxd2 Nb3+ 17. Kc3 Nxa1 18. e3 e5 19. cxd5 Bf5 20. Bc4 Nc2 21. Bxe5 Rac8 22. c6 bxc6 23. d6 Rfe8 24. Bf6 Nxe3 25. fxe3 Rxe3+ 26. Kd2 Ree8 27. Rf1 Bd7 28. Be7 Kg7 29. Rxf7+ Kg6 30. Kc3 Bg4 31. Rf6+ Kg7 32. Rf7+ Kg6 33. h3 Bd7 34. Rf6+ Kg7 35. Rf7+ Kg6 36. g4 Rxe7 37. Rxe7 Rd8 38. Kd4 a5 39. Kc5 a4 40. Be6 Bxe6 41. Rxe6+ Kf7 42. Re7+ Kf6 43. Kxc6 Rc8+ 44. Rc7 Rd8 45. Rd7 Rc8+ 46. Rc7 Rd8 47. Rh7 Kg6 48. Rd7 Rc8+ 49. Rc7 Rd8 50. d7 Kf7 51. Rc8 Ke7 52. Rxd8 Kxd8 53. Kd6 h5 54. Ke6 hxg4 55. hxg4 Kc7 56. Ke7 1-0


[Site "https://www.chess.com"]

[Event "Titled Tuesday Blitz June 21 Late 2022"]
[White "Christiansen, Johan-Sebastian"]
[Black "Keymer, Vincent"]
[WhiteFideId "1512668"]
[BlackFideId "12940690"]
[WhiteElo "2513"]
[BlackElo "2548"]
[Result "1-0"]
[Round "05"]
[TimeControl "180+1"]
[Date "2022.06.21"]
[WhiteClock "0:00:10"]
[BlackClock "0:00:07"]

1. e4 c5 2. Nf3 d6 3. Nc3 Nf6 4. d4 cxd4 5. Nxd4 a6 6. Bg5 Nbd7 7. Qe2 h6 8. Bh4 e6 9. f4 Qc7 10. O-O-O Be7 11. Bg3 Nb6 12. e5 Nfd5 13. Ne4 O-O 14. Kb1 Nxf4 15. Bxf4 dxe5 16. Bg3 f5 17. Nf3 fxe4 18. Nxe5 Rd8 19. Re1 Bd6 20. Qxe4 Nd5 21. Bd3 Nf6 22. Qg6 Bd7 23. Qf7+ Kh8 24. Ng6+ Kh7 25. Nf8+ Kh8 26. Ng6+ Kh7 27. Rhf1 Bxg3 28. Rxf6 Be8 29. Ne7+ Rxd3 30. Qg8# 1-0


[Site "https://www.chess.com"]

[Event "Titled Tuesday Blitz June 21 Late 2022"]
[White "Clarke, Brandon G I"]
[Black "Ladan, Nicholas"]
[WhiteFideId "400319"]
[BlackFideId "30918855"]
[WhiteElo "2781"]
[BlackElo "2527"]
[Result "1-0"]
[Round "05"]
[TimeControl "180+1"]
[Date "2022.06.22"]
[WhiteClock "0:01:14"]
[BlackClock "0:00:48"]

1. e4 e5 2. Nf3 Nc6 3. Bc4 Nf6 4. Ng5 d5 5. exd5 Na5 6. Bb5+ c6 7. dxc6 bxc6 8. Bd3 Nd5 9. Nf3 Bd6 10. O-O O-O 11. Re1 f5 12. Nxe5 Qf6 13. Nf3 g5 14. c4 Nf4 15. Bf1 g4 16. d4 gxf3 17. Qxf3 Ne6 18. Qc3 Bc7 19. b4 Nb7 20. Bb2 a5 21. a3 axb4 22. axb4 Rxa1 23. Bxa1 Nd6 24. Nd2 Rd8 25. b5 cxb5 26. c5 Ne4 27. Nxe4 fxe4 28. Rxe4 Ng5 29. Re3 Bb7 30. Bxb5 Qf4 31. Rg3 Rf8 32. Bc4+ Kg7 33. d5+ Kh6 34. Qg7+ Kh5 35. Be2+ 1-0


[Site "https://www.chess.com"]

[Event "Titled Tuesday Blitz June 21 Late 2022"]
[White "Colpe, Malte"]
[Black "Sarkar, Justin"]
[WhiteFideId "24623075"]
[BlackFideId "2010011"]
[WhiteElo "2328"]
[BlackElo "2020"]
[Result "1-0"]
[Round "05"]
[TimeControl "180+1"]
[Date "2022.06.22"]
[WhiteClock "0:00:02"]
[BlackClock "0:00:01"]

1. e4 e5 2. Nf3 Nc6 3. d4 exd4 4. Nxd4 Nf6 5. Nc3 Bb4 6. Nxc6 bxc6 7. Bd3 d5 8. Bd2 O-O 9. O-O Bg4 10. f3 Bh5 11. e5 Nd7 12. Qe1 Bg6 13. f4 Bxd3 14. cxd3 Re8 15. Qg3 Bc5+ 16. Kh1 f6 17. Rae1 fxe5 18. fxe5 Qe7 19. e6 Nf6 20. Bg5 Bd6 21. Qh3 Rf8 22. Ne2 c5 23. b4 Rae8 24. bxc5 Bxc5 25. Nf4 Qd6 26. Qg3 Bd4 27. Qh4 Be5 28. d4 Bxd4 29. Rd1 c5 30. Rfe1 Ne4 31. e7 Rf7 32. Nh5 Nxg5 33. Qxg5 Qg6 34. Qh4 1-0


[Site "https://www.chess.com"]

[Event "Titled Tuesday Blitz June 21 Late 2022"]
[White "Corrales Jimenez, Fidel"]
[Black "Andreikin, Dmitry"]
[WhiteFideId "3506690"]
[BlackFideId "4158814"]
[WhiteElo "2541"]
[BlackElo "2736"]
[Result "0-1"]
[Round "05"]
[TimeControl "180+1"]
[Date "2022.06.21"]
[WhiteClock "0:00:09"]
[BlackClock "0:00:11"]

1. d4 d5 2. c4 e6 3. cxd5 exd5 4. Nc3 c6 5. Nf3 Bd6 6. Bg5 Qb6 7. Qc1 Bf5 8. e3 Nd7 9. Be2 Ngf6 10. O-O O-O 11. a3 a5 12. Bxf6 Nxf6 13. Nh4 Bg4 14. Bxg4 Nxg4 15. h3 Nf6 16. Rb1 Rfe8 17. Qc2 g6 18. Nf3 Qa6 19. b4 b5 20. Rfc1 axb4 21. axb4 Qb7 22. Ne2 Rec8 23. Nf4 Nd7 24. Nd3 Nb6 25. Ra1 Nc4 26. Qd1 Qe7 27. Nc5 h5 28. Rxa8 Rxa8 29. Ra1 Qe8 30. Qe1 Kg7 31. Qc3 Qb8 32. h4 Ra7 33. e4 Rxa1+ 34. Qxa1 Be7 35. g3 dxe4 36. Nxe4 Kg8 37. Qa6 Qe8 38. Ne5 Nxe5 39. dxe5 Kg7 40. Qa1 Qd8 41. Qc3 Qd1+ 42. Kh2 Qd5 43. f3 Qc4 44. Qe3 Qxb4 45. Ng5 Qb2+ 46. Kh3 Qb1 47. Kh2 Qc2+ 48. Kh3 b4 49. Ne4 b3 50. Qa7 Qd1 51. Kg2 Qe2+ 52. Kg1 Qe1+ 53. Kg2 Qe2+ 54. Kh3 Qxf3 55. Nf2 Qf5+ 56. Kg2 Qxe5 57. Nh3 b2 58. Qb7 Qe4+ 59. Kh2 b1=Q 0-1


[Site "https://www.chess.com"]

[Event "Titled Tuesday Blitz June 21 Late 2022"]
[White "Culum, Sanjin"]
[Black "Johnson, Ben"]
[WhiteFideId "14420937"]
[BlackFideId "2010917"]
[WhiteElo "2013"]
[BlackElo "2169"]
[Result "1-0"]
[Round "05"]
[TimeControl "180+1"]
[Date "2022.06.22"]
[WhiteClock "0:00:09"]
[BlackClock "0:00:14"]

1. Nf3 d5 2. d4 Nf6 3. g3 e6 4. Bg2 c5 5. dxc5 Bxc5 6. O-O O-O 7. c4 dxc4 8. Qxd8 Rxd8 9. Nbd2 c3 10. bxc3 Nc6 11. Nb3 Be7 12. Nfd4 Nxd4 13. cxd4 Nd5 14. e4 Nb4 15. Bb2 Nd3 16. Bc3 Bb4 17. Bxb4 Nxb4 18. Rfd1 b6 19. a3 Na6 20. a4 Bb7 21. a5 Kf8 22. axb6 axb6 23. Rab1 Nc7 24. Nc1 b5 25. Ne2 f5 26. Nc3 Ra4 27. Nxa4 Bc6 28. Nc5 1-0


[Site "https://www.chess.com"]

[Event "Titled Tuesday Blitz June 21 Late 2022"]
[White "Diaz Rosas, Julio Cesar"]
[Black "De La Colina, Nicolas"]
[WhiteFideId "5105099"]
[BlackFideId "30946921"]
[WhiteElo "2649"]
[BlackElo "2524"]
[Result "1-0"]
[Round "05"]
[TimeControl "180+1"]
[Date "2022.06.22"]
[WhiteClock "0:00:50"]
[BlackClock "0:00:05"]

1. d4 f5 2. c4 Nf6 3. Nc3 g6 4. h4 d6 5. h5 Nxh5 6. e4 Nf6 7. Bd3 e6 8. Nf3 Nc6 9. Qe2 Be7 10. Bh6 Rg8 11. O-O-O Bd7 12. a3 Ng4 13. exf5 gxf5 14. Bf4 Nf6 15. d5 e5 16. dxc6 bxc6 17. Nxe5 dxe5 18. Bxe5 Kf8 19. Bxf5 Bxf5 20. Rxd8+ Rxd8 21. Qf3 Bg4 22. Qf4 Rg6 23. Rxh7 Kg8 24. Rxe7 1-0


[Site "https://www.chess.com"]

[Event "Titled Tuesday Blitz June 21 Late 2022"]
[White "Dilmukhametov, Artur"]
[Black "Kanyamarala, Tarun"]
[WhiteFideId "24179922"]
[BlackFideId "45004714"]
[WhiteElo "2206"]
[BlackElo "2219"]
[Result "1-0"]
[Round "05"]
[TimeControl "180+1"]
[Date "2022.06.22"]
[WhiteClock "0:01:27"]
[BlackClock "0:00:01"]

1. e4 c5 2. Nf3 d6 3. Bb5+ Nc6 4. d4 cxd4 5. Nxd4 Bd7 6. O-O Nf6 7. Nc3 e6 8. Be3 Be7 9. h3 O-O 10. Be2 a6 11. f4 Nxd4 12. Bxd4 Bc6 13. Bf3 Rc8 14. a4 b5 15. a5 b4 16. Bb6 Qd7 17. Na2 b3 18. Nc3 bxc2 19. Qxc2 Qb7 20. Rfe1 d5 21. e5 Nd7 22. Bf2 Nc5 23. Rad1 Nb3 24. f5 Nxa5 25. f6 gxf6 26. Rd4 f5 27. Qd2 Nb3 28. Qh6 Nxd4 29. Bxd4 Kh8 30. Bh5 Bh4 31. Bxf7 Rxf7 32. Qxh4 Rg8 33. Ne2 f4 34. Nxf4 Qd7 35. Nh5 Rf5 36. Nf6 Qf7 37. Be3 1-0


[Site "https://www.chess.com"]

[Event "Titled Tuesday Blitz June 21 Late 2022"]
[White "Do Valle Cardoso, Lucas"]
[Black "Mortazavi, Ali"]
[WhiteFideId "2163144"]
[BlackFideId "401323"]
[WhiteElo "2277"]
[BlackElo "2339"]
[Result "0-1"]
[Round "05"]
[TimeControl "180+1"]
[Date "2022.06.22"]
[WhiteClock "0:00:14"]
[BlackClock "0:00:30"]

1. d4 Nf6 2. c4 g6 3. Nc3 Bg7 4. e4 O-O 5. Nf3 d6 6. Be2 Bg4 7. Ng1 Bc8 8. Nf3 e5 9. d5 a5 10. Bg5 h6 11. Bh4 Na6 12. Nd2 Qe8 13. O-O Nh7 14. a3 f5 15. f3 h5 16. b4 Bh6 17. Bf2 Bd7 18. Rb1 axb4 19. axb4 Nf6 20. c5 g5 21. c6 bxc6 22. dxc6 Bc8 23. b5 Nc5 24. Bxc5 dxc5 25. Bc4+ Kh8 26. Nd5 Nxd5 27. Bxd5 g4 28. Nc4 Ra2 29. Qb3 Re2 30. Qd3 gxf3 31. Rxf3 Ra2 32. exf5 h4 33. b6 Rg8 34. Ne3 Ba6 35. Qf1 Bxf1 36. Bxa2 Bxe3+ 37. Rxe3 Bxg2 38. Bxg8 Qxg8 39. Kf2 Qa2+ 40. Re2 Qxb1 41. b7 Bxc6 0-1


[Site "https://www.chess.com"]

[Event "Titled Tuesday Blitz June 21 Late 2022"]
[White "Domingo Nunez, Alejandro"]
[Black "Dubov, Daniil"]
[WhiteFideId "22245561"]
[BlackFideId "24126055"]
[WhiteElo "2215"]
[BlackElo "2791"]
[Result "0-1"]
[Round "05"]
[TimeControl "180+1"]
[Date "2022.06.21"]
[WhiteClock "0:00:02"]
[BlackClock "0:01:27"]

1. Nf3 c6 2. g3 d5 3. Bg2 Nd7 4. d4 Ngf6 5. O-O Nb6 6. b3 Bf5 7. Nh4 Be4 8. f3 Bg6 9. Nxg6 hxg6 10. Bb2 e6 11. e4 dxe4 12. fxe4 e5 13. c3 Bd6 14. Nd2 Qc7 15. Qc2 O-O-O 16. c4 exd4 17. c5 d3 18. Qc3 Bxg3 19. hxg3 Qxg3 20. Rf3 Qh2+ 21. Kf1 Nbd7 22. Rxd3 Ng4 23. Nf3 Qg3 24. Qe1 Qf4 25. Bc1 Qf6 26. Bg5 Nh2+ 27. Ke2 Nxf3 28. Bxf6 Nxe1 29. Bxd8 Nxd3 30. Bg5 N3xc5 31. Rf1 Ne6 32. Be3 f6 33. Kd3 g5 34. Kc3 Ne5 35. Rd1 Rh2 36. Bf1 Kc7 37. a4 a5 0-1


[Site "https://www.chess.com"]

[Event "Titled Tuesday Blitz June 21 Late 2022"]
[White "Fiol, Fabrice"]
[Black "Needleman, Alejandro"]
[WhiteFideId "611670"]
[BlackFideId "100730"]
[WhiteElo "2460"]
[BlackElo "2306"]
[Result "0-1"]
[Round "05"]
[TimeControl "180+1"]
[Date "2022.06.22"]
[WhiteClock "0:00:06"]
[BlackClock "0:00:40"]

1. e4 c5 2. Nf3 e6 3. b4 cxb4 4. d4 Nf6 5. Bd3 d5 6. e5 Ne4 7. a3 Nc6 8. O-O Be7 9. Qe2 Nc3 10. Nxc3 bxc3 11. h4 Qa5 12. Be3 Bd7 13. Rfb1 Qc7 14. Rb3 Na5 15. Rbb1 h6 16. h5 O-O 17. Nh2 f5 18. exf6 Bxf6 19. Ng4 e5 20. dxe5 Bxe5 21. Bxh6 Rae8 22. Nxe5 Qxe5 23. Qxe5 Rxe5 24. Be3 Rxh5 25. Bxa7 Bf5 26. Bxf5 Rhxf5 27. Rb5 Nc4 28. Rxb7 Nd6 29. Rd7 Ne4 30. f3 Ng3 31. Re1 R5f7 32. Ree7 Rxe7 33. Rxe7 Nf5 34. Re5 d4 35. g4 Ne3 36. Bxd4 Nxc2 37. Bxc3 Rxf3 38. Bb4 Rg3+ 39. Kf2 Rxg4 40. Re8+ Kh7 41. Re2 Nxb4 42. axb4 Rxb4 43. Kg3 Kh6 44. Re5 g5 45. Re8 Rb3+ 46. Kg4 Rb4+ 47. Kg3 Kg6 48. Rf8 Rb3+ 49. Kg2 Kh5 50. Re8 Kh4 51. Rh8+ Kg4 52. Ra8 Rb2+ 53. Kg1 Kh3 54. Ra3+ Kh4 55. Ra4+ g4 56. Ra3 Rb1+ 57. Kg2 Rb2+ 58. Kg1 Rc2 59. Kf1 Rh2 60. Kg1 Rh3 61. Ra4 Rc3 62. Rb4 Kh3 63. Kf1 g3 64. Rb2 Rc1+ 65. Ke2 g2 66. Rb3+ Kh2 67. Rb8 g1=Q 68. Rh8+ Kg2 69. Rg8+ Kh3 70. Rh8+ Kg4 71. Rg8+ Kf5 72. Rg2 Qxg2+ 0-1


[Site "https://www.chess.com"]

[Event "Titled Tuesday Blitz June 21 Late 2022"]
[White "Fishbein, Alexander"]
[Black "Vujic, Mihailo"]
[WhiteFideId "2000377"]
[BlackFideId "918873"]
[WhiteElo "2615"]
[BlackElo "2485"]
[Result "1-0"]
[Round "05"]
[TimeControl "180+1"]
[Date "2022.06.22"]
[WhiteClock "0:00:17"]
[BlackClock "0:00:02"]

1. e4 e5 2. Nf3 Nc6 3. d4 exd4 4. Bc4 Nf6 5. e5 d5 6. Bb5 Ne4 7. Nxd4 Bc5 8. Be3 Bd7 9. Bxc6 bxc6 10. Nd2 Nxd2 11. Qxd2 Bb6 12. Nb3 O-O 13. O-O f6 14. exf6 Qxf6 15. c3 Rae8 16. Bd4 Qg6 17. f3 Bf5 18. Rf2 Re6 19. Re1 Rfe8 20. Rfe2 h6 21. Rxe6 Rxe6 22. Rxe6 Qxe6 23. Kf2 Qd6 24. Qe3 Qxh2 25. Qe7 Bxd4+ 26. Nxd4 Qf4 27. Nxc6 Kh7 28. Nd4 Qd2+ 29. Kg1 Qc1+ 30. Kf2 Qxb2+ 31. Kg3 Qb1 32. Qe5 Bd7 33. Kh2 c6 34. Qd6 Bf5 35. Qxc6 Bg6 36. Qxd5 Qc1 37. Ne6 Kh8 38. Qd8+ Kh7 39. Nf8+ Kg8 40. Nxg6+ Kh7 41. Nf8+ Kg8 42. Ne6+ Kh7 43. Qd3+ Kh8 44. Qd4 1-0


[Site "https://www.chess.com"]

[Event "Titled Tuesday Blitz June 21 Late 2022"]
[White "Fishbein, Mitch"]
[Black "Marin Masis, Jose Esteban"]
[WhiteFideId "30922917"]
[BlackFideId "6508146"]
[WhiteElo "1939"]
[BlackElo "1710"]
[Result "1-0"]
[Round "05"]
[TimeControl "180+1"]
[Date "2022.06.22"]
[WhiteClock "0:01:25"]
[BlackClock "0:00:07"]

1. e4 c5 2. Nf3 Nc6 3. d3 g6 4. Nbd2 d5 5. g3 Nf6 6. Bg2 Bg7 7. O-O O-O 8. c3 e5 9. Re1 h6 10. Qc2 Be6 11. exd5 Nxd5 12. Nc4 Qc7 13. a4 Rfe8 14. Bd2 Rad8 15. Rad1 a6 16. a5 Nxa5 17. Nxa5 Qxa5 18. Nxe5 Bf5 19. Bxd5 Rxd5 20. c4 Qxd2 21. Rxd2 Rdxe5 22. Rde2 Rxe2 23. Rxe2 Rxe2 24. Qxe2 Bd4 25. Kg2 b5 26. b3 bxc4 27. dxc4 a5 28. Qe8+ Kg7 29. Qd8 Bc3 30. Qc7 Bd4 31. Qxa5 Bc2 32. b4 Be4+ 33. Kg1 cxb4 34. Qxb4 Bf6 35. c5 Bc6 36. Qb6 Bf3 37. c6 Bg4 38. c7 Bc8 39. Qb8 1-0


[Site "https://www.chess.com"]

[Event "Titled Tuesday Blitz June 21 Late 2022"]
[White "Florescu, Codrut-Constantin"]
[Black "Lashkin, Jegor"]
[WhiteFideId "1202200"]
[BlackFideId "13907808"]
[WhiteElo "2191"]
[BlackElo "2368"]
[Result "0-1"]
[Round "05"]
[TimeControl "180+1"]
[Date "2022.06.21"]
[WhiteClock "0:00:09"]
[BlackClock "0:00:07"]

1. d4 Nf6 2. Nf3 d5 3. c4 e6 4. Nc3 Bb4 5. Qa4+ Nc6 6. Bg5 dxc4 7. e3 Qd5 8. Bxf6 gxf6 9. a3 Bxc3+ 10. bxc3 b5 11. Qc2 Bb7 12. e4 Qd7 13. g3 Na5 14. Bg2 Nb3 15. Rd1 Qe7 16. O-O Qxa3 17. d5 O-O-O 18. Nd2 Nxd2 19. Qxd2 Qc5 20. Qf4 f5 21. exf5 Bxd5 22. fxe6 Bxg2 23. Kxg2 Qc6+ 24. Kg1 fxe6 25. Rde1 Rhe8 26. Re5 Rd5 27. Re3 Kb7 28. Rfe1 a5 29. Qf7 a4 30. Qxh7 a3 31. Ra1 Qd6 32. Ree1 Qc5 33. Qe4 Kb6 34. Qg4 Rf5 35. Re2 Ref8 36. Raa2 R8f6 37. Qe4 Rd5 38. Qg4 Rd1+ 39. Kg2 Qd5+ 40. f3 Rd3 41. Rf2 Qc5 42. Qg7 Rf8 43. h4 e5 44. Qh6+ c6 45. Qc1 Ra8 46. h5 Qd6 47. Qg5 Qc5 48. h6 Rxc3 49. Qg7 Qf8 50. Qg6 Rd3 51. Qe4 Qc5 52. h7 Rdd8 53. Qg6 Rh8 54. Rfe2 Qe7 55. Qf5 Qxh7 56. Qxe5 Qh1+ 57. Kf2 Rh2+ 58. Ke3 Qg1+ 59. Kf4 Rxe2 60. Qxe2 Qc5 61. Qe3 Qxe3+ 62. Kxe3 b4 63. Kd4 Kb5 64. f4 b3 65. Ra1 b2 0-1


[Site "https://www.chess.com"]

[Event "Titled Tuesday Blitz June 21 Late 2022"]
[White "Gallegos Diaz, Carlos Alberto"]
[Black "Lamaze, Simon"]
[WhiteFideId "3900886"]
[BlackFideId "36069264"]
[WhiteElo "2362"]
[BlackElo "2090"]
[Result "0-1"]
[Round "05"]
[TimeControl "180+1"]
[Date "2022.06.22"]
[WhiteClock "0:00:01"]
[BlackClock "0:00:38"]

1. e4 c5 2. Nf3 Nc6 3. Bb5 d6 4. O-O Bd7 5. Re1 Nf6 6. c3 a6 7. Bf1 Bg4 8. d4 cxd4 9. cxd4 e5 10. dxe5 dxe5 11. Qxd8+ Rxd8 12. Bg5 Be7 13. Bxf6 Bxf6 14. Nc3 Bxf3 15. gxf3 Be7 16. Nd5 Bc5 17. Rac1 Nd4 18. Re3 Bd6 19. Kg2 O-O 20. Rec3 h5 21. h4 Kh7 22. Bd3 Rfe8 23. f4 f6 24. fxe5 fxe5 25. f4 Rf8 26. Rf1 g6 27. f5 gxf5 28. exf5 Rg8+ 29. Kh1 Rg4 30. f6+ Kh6 31. Ne3 Rxh4+ 32. Kg2 Rg8+ 33. Kf2 Rf4+ 34. Ke1 Bb4 35. Rxf4 exf4 36. Nd5 Bxc3+ 37. bxc3 Rf8 38. cxd4 Kg5 39. Kf2 Rd8 40. Be4 Kg4 41. Bf3+ Kf5 42. Ne7+ Kxf6 43. Nd5+ Kg5 44. Kg2 b5 45. Kh3 b4 46. Nxb4 Rxd4 47. Nd5 Rd3 48. Kg2 Ra3 49. Be4 Rxa2+ 50. Kf3 Ra3+ 51. Kf2 h4 52. Bg2 h3 53. Bh1 h2 54. Kg2 Ra2+ 55. Kh3 a5 56. Nc3 Ra3 0-1


[Site "https://www.chess.com"]

[Event "Titled Tuesday Blitz June 21 Late 2022"]
[White "Garriga Cazorla, Pere"]
[Black "Fedoseev, Vladimir"]
[WhiteFideId "32011601"]
[BlackFideId "24130737"]
[WhiteElo "2433"]
[BlackElo "2726"]
[Result "0-1"]
[Round "05"]
[TimeControl "180+1"]
[Date "2022.06.21"]
[WhiteClock "0:00:06"]
[BlackClock "0:00:06"]

1. d4 Nf6 2. c4 e6 3. Nc3 Bb4 4. Qc2 d5 5. cxd5 exd5 6. Bg5 h6 7. Bh4 Qe7 8. e3 c5 9. Bb5+ Nc6 10. Ne2 g5 11. Bg3 O-O 12. O-O cxd4 13. exd4 Be6 14. a3 Bxc3 15. bxc3 Rac8 16. Bd3 Ne4 17. Rfe1 Bf5 18. f3 Nxg3 19. Nxg3 Bxd3 20. Qxd3 Qf6 21. Rab1 b6 22. Rb5 Rfd8 23. Qf5 Qxf5 24. Nxf5 h5 25. h4 gxh4 26. Kh2 f6 27. Re6 Kf7 28. Rd6 Ne7 29. Nxe7 Kxe7 30. Rdxd5 Rxd5 31. Rxd5 Rxc3 32. a4 Ra3 33. Rxh5 Rxa4 34. Rxh4 b5 35. Kg3 b4 36. Kf4 a5 37. Rh7+ Kd6 38. Rb7 Ra2 39. g4 Rd2 40. Kf5 Rxd4 41. f4 Kc6 42. Rb8 a4 43. g5 fxg5 44. fxg5 b3 45. g6 Rd7 46. Kf6 Kc5 47. g7 Rxg7 48. Kxg7 Kc4 49. Rc8+ Kb4 50. Rb8+ Kc3 51. Kf6 b2 0-1


[Site "https://www.chess.com"]

[Event "Titled Tuesday Blitz June 21 Late 2022"]
[White "Golubev, Mikhail"]
[Black "Tica, Sven"]
[WhiteFideId "14100983"]
[BlackFideId "14526948"]
[WhiteElo "2514"]
[BlackElo "2632"]
[Result "1-0"]
[Round "05"]
[TimeControl "180+1"]
[Date "2022.06.22"]
[WhiteClock "0:01:37"]
[BlackClock "0:02:16"]

1. e4 c5 2. Nf3 d6 3. d4 cxd4 4. Nxd4 Nf6 5. Nc3 a6 6. Bc4 e6 7. Bb3 Be7 8. f4 Nbd7 9. Be3 Nc5 10. Qf3 Qa5 11. O-O Bd7 12. e5 Ng8 13. f5 dxe5 14. fxe6 e4 15. exf7+ Kd8 16. f8=Q+ 1-0


[Site "https://www.chess.com"]

[Event "Titled Tuesday Blitz June 21 Late 2022"]
[White "Guz, Ari"]
[Black "Muradli, Mahammad"]
[WhiteFideId "2825759"]
[BlackFideId "13409301"]
[WhiteElo "1913"]
[BlackElo "2611"]
[Result "1-0"]
[Round "05"]
[TimeControl "180+1"]
[Date "2022.06.21"]
[WhiteClock "0:00:12"]
[BlackClock "0:00:01"]

1. e4 d6 2. d4 Nf6 3. Nc3 g6 4. Nf3 Bg7 5. h3 O-O 6. Be3 a6 7. a4 Nc6 8. Qd2 e5 9. d5 Nd4 10. Nxd4 exd4 11. Bxd4 Nxe4 12. Nxe4 Qh4 13. Bxg7 Qxe4+ 14. Be2 Qxg2 15. O-O-O Kxg7 16. Qd4+ Kg8 17. Rdg1 c5 18. dxc6 Qxc6 19. Bd3 Qc5 20. Qf4 Be6 21. h4 Qe5 22. Qh6 Qg7 23. Qf4 Qe5 24. Qh6 Bd5 25. Rh3 Rae8 26. h5 Qg7 27. Qf4 Re5 28. hxg6 fxg6 29. Qh4 Rf7 30. Qd8+ Qf8 31. Qh4 Qg7 32. Qd8+ Qf8 33. Qb6 Re6 34. Qd4 Bc6 35. Bxg6 1-0


[Site "https://www.chess.com"]

[Event "Titled Tuesday Blitz June 21 Late 2022"]
[White "Harvey, Marcus R"]
[Black "Novikova, Galina"]
[WhiteFideId "400092"]
[BlackFideId "4157095"]
[WhiteElo "2485"]
[BlackElo "1863"]
[Result "0-1"]
[Round "05"]
[TimeControl "180+1"]
[Date "2022.06.22"]
[WhiteClock "0:00:08"]
[BlackClock "0:00:03"]

1. c4 e6 2. Nf3 f5 3. Nc3 Nf6 4. g3 d6 5. d4 Be7 6. Bg2 O-O 7. O-O a5 8. Re1 Ne4 9. Qd3 d5 10. Ne5 c6 11. f3 Nxc3 12. bxc3 Nd7 13. Nxd7 Bxd7 14. e4 fxe4 15. fxe4 Be8 16. Bh3 Bf7 17. c5 Bg5 18. Bxg5 Qxg5 19. Qe3 Qh5 20. Bg2 e5 21. exd5 exd4 22. Qxd4 Bxd5 23. Re5 Qg6 24. Bxd5+ cxd5 25. Qxd5+ Kh8 26. Qxb7 Qf6 27. Qe4 Qf2+ 28. Kh1 Rad8 29. Qg2 Qf6 30. Rae1 h6 31. Qe2 a4 32. c4 Rd4 33. Re8 Rd8 34. Rxf8+ Rxf8 35. Qe4 Rc8 36. Qd5 Qf2 37. Rd1 Rf8 38. c6 Qe2 39. c7 Rf1+ 0-1


[Site "https://www.chess.com"]

[Event "Titled Tuesday Blitz June 21 Late 2022"]
[White "Hnydiuk, Aleksander"]
[Black "Moussard, Jules"]
[WhiteFideId "1109057"]
[BlackFideId "642908"]
[WhiteElo "2374"]
[BlackElo "2589"]
[Result "0-1"]
[Round "05"]
[TimeControl "180+1"]
[Date "2022.06.21"]
[WhiteClock "0:01:11"]
[BlackClock "0:02:32"]

1. d4 Nf6 2. c4 b6 3. f3 Nc6 4. Nc3 e5 5. d5 Ne7 6. e4 Ng6 7. Be3 Bc5 8. Qd2 d6 9. O-O-O Bd7 10. Kb1 a5 11. g3 a4 12. f4 exf4 13. gxf4 O-O 14. Be2 Re8 15. Bf3 Nh4 16. Bf2 Nxf3 17. Nxf3 Nxe4 18. Nxe4 Rxe4 19. Rhg1 Qf6 20. Bd4 Bxd4 21. Nxd4 a3 0-1


[Site "https://www.chess.com"]

[Event "Titled Tuesday Blitz June 21 Late 2022"]
[White "Hoffmann, Asa"]
[Black "Gardezi, Arsal"]
[WhiteFideId "2001470"]
[BlackFideId "30949521"]
[WhiteElo "2117"]
[BlackElo "1781"]
[Result "1-0"]
[Round "05"]
[TimeControl "180+1"]
[Date "2022.06.22"]
[WhiteClock "0:00:51"]
[BlackClock "0:00:02"]

1. d4 d5 2. Bg5 c5 3. dxc5 Nc6 4. c3 Nf6 5. e3 e6 6. b4 a5 7. b5 Ne5 8. Qd4 Ned7 9. c6 bxc6 10. bxc6 Nc5 11. Bb5 Qc7 12. Nf3 Nfe4 13. Bf4 Bd6 14. Bxd6 Nxd6 15. Qxg7 Rf8 16. a4 Rb8 17. O-O Nxb5 18. axb5 Rxb5 19. Ng5 Ke7 20. Nxh7 Rd8 21. Ng5 Rf8 22. Nh7 Rd8 23. Qf6+ Kd6 24. Ng5 Rf8 25. Na3 Rb3 26. c4 Qxc6 27. Nb5+ Rxb5 28. cxb5 Qd7 29. Rfd1 Qb7 30. Rxa5 Nd7 31. Nxf7+ Kc7 32. Qxe6 Kb8 33. Rc1 Rxf7 34. Qd6+ Qc7 35. Qxc7# 1-0


[Site "https://www.chess.com"]

[Event "Titled Tuesday Blitz June 21 Late 2022"]
[White "Holt, Conrad"]
[Black "Jaracz, Pawel"]
[WhiteFideId "2034387"]
[BlackFideId "1102222"]
[WhiteElo "2586"]
[BlackElo "2459"]
[Result "1-0"]
[Round "05"]
[TimeControl "180+1"]
[Date "2022.06.21"]
[WhiteClock "0:00:16"]
[BlackClock "0:00:03"]

1. d4 Nf6 2. c4 e6 3. Nc3 Bb4 4. Qc2 d5 5. cxd5 exd5 6. Bg5 h6 7. Bxf6 Qxf6 8. a3 Bxc3+ 9. Qxc3 O-O 10. e3 Bf5 11. Ne2 Nd7 12. Qxc7 Rfc8 13. Qa5 Rc2 14. Nf4 Nb6 15. Bd3 Bxd3 16. Nxd3 Qf5 17. Rd1 Nc4 18. Qa4 Rxb2 19. O-O Rd2 20. Qb3 Rc8 21. a4 b6 22. h3 Qe4 23. Nf4 g5 24. Nh5 Rc6 25. Rc1 Rd3 26. Qb5 Qg6 27. g4 1-0


[Site "https://www.chess.com"]

[Event "Titled Tuesday Blitz June 21 Late 2022"]
[White "Ibarra Jerez, Jose Carlos"]
[Black "Wagner, Dennis"]
[WhiteFideId "2226332"]
[BlackFideId "24650684"]
[WhiteElo "2628"]
[BlackElo "2355"]
[Result "0-1"]
[Round "05"]
[TimeControl "180+1"]
[Date "2022.06.21"]
[WhiteClock "0:00:01"]
[BlackClock "0:00:07"]

1. Nf3 d5 2. g3 Nf6 3. Bg2 e6 4. O-O Be7 5. c4 O-O 6. b3 d4 7. Bb2 c5 8. b4 Re8 9. d3 a5 10. bxc5 Nc6 11. Na3 Bxc5 12. Nb5 e5 13. Nd2 a4 14. Ba3 Bxa3 15. Nxa3 Qe7 16. Qc1 Bf5 17. Rb1 h5 18. Rb5 h4 19. Qb2 Ra7 20. Rb1 h3 21. Bh1 Bg4 22. Ne4 Nxe4 23. Bxe4 Nd8 24. c5 Bd7 25. Nc4 Bxb5 26. Qxb5 Ne6 27. Nd6 Rb8 28. Qb6 Ra6 29. Qxa6 bxa6 30. Rxb8+ Nf8 31. Bd5 g6 32. Nxf7 Kg7 33. Nd6 Nd7 34. Rb7 Kf8 35. Ne4 Qd8 36. c6 Qa5 37. Kf1 Qxd5 38. cxd7 Ke7 39. Ra7 Qxa2 40. f4 exf4 41. gxf4 Qb1+ 42. Kf2 Qc1 43. Kg3 Qe3+ 44. Kg4 Qxe2+ 45. Kg5 Qxh2 46. Nc5 Qg3+ 47. Kh6 Qxf4+ 48. Kh7 h2 49. d8=Q+ Kxd8 50. Ne6+ Kc8 51. Nxf4 h1=Q+ 52. Kg7 a3 53. Rxa6 Qb7+ 54. Kxg6 Qxa6+ 0-1


[Site "https://www.chess.com"]